 Dungeon Crawl Stone Soup version 0.29.0-4-gdea44cf6ec (webtiles) character file.

Game seed: 17271997636450090373

4 qw the Sneak (level 1, -3/14 HPs)
             Began as a Gargoyle Delver on Sept 10, 2022.
             Slain by a phantom (6 damage)
             ... on level 4 of the Dungeon.
             The game lasted 00:00:05 (424 turns).

qw the Sneak (Gargoyle Delver)                       Turns: 424, Time: 00:00:06

Health: -3/14      AC:  5    Str: 15    XL:     1   Next: 70%
Magic:  1/1        EV: 11    Int: 10    God:
Gold:   31         SH:  0    Dex: 11    Spells: 0/0 levels left

rFire   . . .      SeeInvis .   Y - +0 hand axe
rCold   . . .      Faith    .   (no shield)
rNeg    + . .      Spirit   .   b - +0 leather armour
rPois   inf        Reflect  .   (no helmet)
rElec   +          Harm     .   (no cloak)
rCorr   .          Rampage  .   (no gloves)
Will    .....                   (no boots)
Stlth   +++.......              (no amulet)
HPRegen 0.04/turn               (no ring)
MPRegen 0.07/turn               (no ring)

@: no status effects
A: sickness immunity, AC +2, negative energy resistance 1, electricity
resistance, torment resistance 1, petrification resistance
a: no special abilities


You were on level 4 of the Dungeon.
You visited 1 branch of the dungeon, and saw 2 of its levels.

You collected 31 gold pieces.


Innate Abilities, Weirdness & Mutations

You are immune to sickness and miasma.
Your stone body is resilient. (AC +2)
You are immune to poison.
You resist negative energy. (rN+)
You are resistant to electric shocks. (rElec)
You are resistant to unholy torment.
You are immune to petrification.


   Skills:
 - Level 3.2 Fighting
 + Level 2.2 Axes
 - Level 1.5 Dodging
 - Level 5.4 Stealth


You couldn't memorise any spells.
You didn't know any spells.
Your spell library was empty.

Inventory:

Hand Weapons
 Y - a +0 hand axe (weapon)
Armour
 b - a +0 leather armour (worn)
Wands
 g - a wand of digging (3)
Potions
 f - a potion of haste
 i - a potion of mutation {unknown}

Dungeon Overview and Level Annotations

Branches:
Dungeon (5/15)
 Temple: D:4-7

Altars:

Annotations:
D:4 Ijyb


Message History

Your Axes skill increases to level 2!
You miss the jackal.
The jackal is almost dead.
The jackal bites you.
You hit the jackal.
You kill the jackal!
You start resting.
You hear the slow hiss of a very distant avalanche of sand.
You hear the hiss of a very distant avalanche of sand. x2
You hear the brisk hiss of a very distant avalanche of sand.
HP restored.
(D) Dungeon
Where to? (* - list waypoints, Enter - D:4, ? - help)
What level of the Dungeon? (default 1, ? - help)
There is a stone staircase leading up here.
You climb upwards.
There is a stone staircase leading down here.
Existing waypoints: (2) D:5 Assign waypoint to what number? (0-9, D - delete waypoint) Waypoint 1 assigned to D:4.
Enter note: You open the door.
There is an open door here.
Found a sharpened iron wand.
A phantom comes into view.
You hit the phantom but do no damage. The phantom hits you.
You closely miss the phantom. The phantom completely misses you.
You barely miss the phantom. The phantom hits you.
The phantom blinks!
You blink.
You hit the phantom but do no damage. The phantom hits you.
You closely miss the phantom. The phantom hits you.
The phantom blinks!
You blink.
Ijyb the Twisted Goblin comes into view.
She is wielding a +0 dagger and carrying a wand of paralysis (5).
You closely miss the phantom. The phantom hits you.
You die...

.....###+#
.....#...#
.....#...#########
.....#...#.g.....#
.....'...+.......#
.....#...#.......#
.....#####.......#
#####............#
#...........@#
#..........W.##
#..............
#.......¤......
.......¤........
.##+##...........
.. +............
#............#
#.........


You could see a phantom and Ijyb (asleep).

Vanquished Creatures
  An orc (D:5)
  2 jackals (D:5)
3 creatures vanquished.

Notes
Turn   | Place    | Note
-------+----------+-------------------------------------------
     0 | D:5      | qw the Gargoyle Delver began the quest for the Orb.
     0 | D:5      | Reached XP level 1. HP: 14/14 MP: 1/1
     0 | D:5      | 0 ||| qw: Version: 0.1-a-116-g5d60599
     0 | D:5      | 0 ||| qw: Game counter: 9474
     0 | D:5      | 0 ||| qw: Always use a shield: true
     0 | D:5      | 0 ||| qw: God list: Okawaru
     0 | D:5      | 0 ||| qw: Allow faded altars: false
     0 | D:5      | 0 ||| qw: Do Orc after D:15 true
     0 | D:5      | 0 ||| qw: Do second Lair branch before Depths: true
     0 | D:5      | 0 ||| qw: Lair rune preference: random
     0 | D:5      | 0 ||| qw: Plans: Normal
     0 | D:5      | 0 ||| PLANNING D:1-11
    66 | D:5      | 66 ||| READING scroll labelled JIEHACS HOLAO.
    67 | D:5      | 67 ||| DROPPING scroll of fog.
    68 | D:5      | 68 ||| DROPPING scroll of magic mapping.
    69 | D:5      | 69 ||| DROPPING scroll of fear.
   413 | D:4      | Noticed a phantom
   423 | D:4      | HP: 3/14 [phantom (1)]
   423 | D:4      | Noticed Ijyb
   424 | D:4      | Slain by a phantom

Levels and vault maps discovered:
D:4:      layout_gridville, uniq_ijyb, uniq_eustachio, uniq_edmund, uniq_sigmund
D:5:      layout_loops_ring, minmay_temple_entry_trees,
          nicolae_ossuary_entry_giza

Skill      XL: |  1 |
---------------+----+-----
Axes           | 2 |  2.2
Fighting       | |  3.2
Dodging        | |  1.5
Stealth        | |  5.4

Action                   || total
-------------------------++-------
Melee: Hand axe          ||    15
  Use: Scroll            ||     1
Armor: Leather armour    ||     5
Dodge: Dodged            ||     6

Table legend:
 A = Non-vault XP
 B = Vault XP
 C = Vault XP percentage of total XP
 D = Non-vault monster count
 E = Vault monster count
 F = Vault count percentage of total count
                 A         B        C        D         E       F
            +---------+---------+-------+---------+---------+-------
      Total |       7 |       0 |   0.0 |       3 |       0 |   0.0
            +---------+---------+-------+---------+---------+-------
        D:5 |       7 |       0 |   0.0 |       3 |       0 |   0.0
            +---------+---------+-------+---------+---------+-------
